Cogmind - Beta 13 @@@ ROGUE MODE // 2024.05.09 @ 10:41:38 Player: Yggdrasil Burnes Result: Destroyed by G-34 Mercenary with Small Laser Performance ------------- Evolutions (0) 0 Regions Visited (1) 200 Robots Destroyed (7) 35 Value Destroyed (163) 163 Prototype IDs (0) 0 Alien Tech Used (0) 0 Bonus (0) 0 TOTAL SCORE: 398 Bonus ------- None Cogmind --------- Core Integrity 0/250 Matter 300/300 Energy 100/100 System Corruption 1% Temperature Cool (6) Movement Core (50) Location -10/Materials Parts ------- > --- POWER (1) -------- (None) > --- PROPULSION (2) --- (None) > --- UTILITY (2) ------ (None) > --- WEAPON (2) ------- (None) > --- INVENTORY (5) ---- Signal Interpreter Transport Network Coupler Peak State ------------ > --- POWER ------------ Light Ion Engine > --- PROPULSION ------- Aluminum Leg Aluminum Leg > --- UTILITY ---------- (None) > --- WEAPON ----------- EM Pulse Gun EM Pulse Gun > --- INVENTORY -------- (None) [Rating: 5] Favorites ----------- Power Light Ion Engine Engine Light Ion Engine Propulsion Aluminum Leg Leg Aluminum Leg Utility None Weapon EM Pulse Gun Energy Gun EM Pulse Gun Ballistic Cannon Light Cannon Build | -11 -10 ------- Run | Yrd Mat Slots Evolved . | . . Power . | . . Propulsion . | . . Utility . | . . Weapon . | . . Parts Attached 6 | 5 1 Power 1 | 1 . Engine 1 | 1 . Core . | . . Reactor . | . . Propulsion 2 | 2 . Treads . | . . Leg 2 | 2 . Wheel . | . . Hover . | . . Flight . | . . Utility . | . . Device . | . . Storage . | . . Processor . | . . Hackware . | . . Protection . | . . Artifact . | . . Weapon 3 | 2 1 Energy Gun 2 | 2 . Energy Cannon . | . . Ballistic Gun . | . . Ballistic Cannon 1 | . 1 Launcher . | . . Special Weapon . | . . Impact Weapon . | . . Slashing Weapon . | . . Piercing Weapon . | . . Special Melee Weapon . | . . Unidentified Prototypes . | . . Parts Lost 6 | . 6 Power 1 | . 1 Propulsion 2 | . 2 Utility . | . . Weapon 3 | . 3 Highest Loss Streak 4 | . 4 To Critical Strikes . | . . Average Slot Usage (%) 51 | . 51 Engine 10 | . 10 Leg 24 | . 24 Energy Gun 10 | . 10 Ballistic Cannon 4 | . 4 Naked Turns 9 | . 9 Heaviest Build 7 | 7 7 Greatest Support 20 | 20 20 Greatest Overweight (x) . | . . Average Overweight (x) . | . . Largest Inventory Capacity 5 | 5 5 Average Capacity 5 | 5 5 Most Carried 3 | 3 3 Average Carried 1 | 1 1 Final Capacity 5 | 5 5 Final Carried 2 | . 2 Class Distribution -------------------- 100% | Mutant Dominant Class ---------------- Mutant | -10/Materials Resources | -11 -10 ----------- Run | Yrd Mat Matter Collected 321 | 230 91 Remotely . | . . Salvage Created 208 | 50 158 Parts 15 | 2 13 Haulers Intercepted 1 | . 1 Recyclers Shooed . | . . Parts Field Recycled . | . . Retrieved Matter . | . . Parts Self-Destructed . | . . Prevented . | . . Kills | -11 -10 ------- Run | Yrd Mat Combat Hostiles Destroyed 3 | 1 2 Guns 1 | 1 . Cannons 2 | . 2 Classes Destroyed 4 | 1 3 Worker 1 | . 1 Hauler 1 | . 1 Watcher 2 | . 2 Grunt 3 | 1 2 Best Kill Streak 4 | 1 4 Combat Bots Only 2 | 1 2 Max Kills in Single Turn 1 | 1 1 Gunslinging . | . . Exploded . | . . Melee . | . . Uniques/NPCs Destroyed . | . . Combat | -11 -10 -------- Run | Yrd Mat Hostile Shots Fired 68 | 4 64 Missed 19 | 1 18 Damage Taken 711 | 34 677 Core 257 | 12 245 Absorbed by Shields . | . . Core Remaining (%) 95 | 95 . Volleys Fired 29 | 2 27 Largest 2 | 2 1 Hottest 80 | 80 40 Shots Fired 31 | 4 27 Gun 10 | 4 6 Cannon 21 | . 21 Launcher . | . . Special . | . . Kinetic 21 | . 21 Thermal . | . . Explosive . | . . Electromagnetic 10 | 4 6 Robot Hit Streak 7 | 3 7 Robot Miss Streak 3 | 1 3 Penetration Max . | . . Secondary Targets . | . . Shots Hit Robots 20 | 3 17 Core Hits 10 | 2 8 Critical Kills . | . . Critical Parts Destroyed . | . . Critical Strikes . | . . Melee Attacks . | . . Impact . | . . Slashing . | . . Piercing . | . . Sneak Attacks . | . . Combat Hostiles . | . . Follow-up Attacks . | . . Damage Inflicted 424 | 43 381 Guns 125 | 43 82 Cannons 263 | . 263 Explosions 32 | . 32 Melee . | . . Ramming 4 | . 4 Kinetic 263 | . 263 Thermal 32 | . 32 Explosive . | . . Electromagnetic 125 | 43 82 Impact . | . . Slashing . | . . Piercing . | . . Highest Corruption 1 | . 1 Average Corruption 1 | . 1 Corruption Purged . | . . Corruption Blocked . | . . Effects 1 | . 1 Data Loss (major) 1 | . 1 Overload Shots . | . . Overflow Damage . | . . Projectiles . | . . Explosions . | . . Melee . | . . Knockbacks 4 | . 4 Impact . | . . Kinetic 4 | . 4 Secondary . | . . Self-Inflicted Damage 40 | . 40 Shots 1 | . 1 Rammed . | . . Targets Rammed 5 | . 5 Kicked 5 | . 5 Crushed . | . . Highest Temperature 48 | 48 41 Average Temperature 21 | 26 20 Received Heat Transfer 372 | 18 354 Siege Activations . | . . Robots Corrupted . | . . Combat Hostiles . | . . Parts Fried . | . . Impact Corruptions . | . . Robots Melted . | . . Combat Hostiles . | . . Parts Melted . | . . Heat Transferred . | . . Parts Sabotaged . | . . Parts Stolen . | . . Parts Stripped . | . . Power Chain Reactions 1 | . 1 Alert | -11 -10 ------- Run | Yrd Mat Peak Influence 82 | 20 82 Initial 13 | . 13 Average 16 | . 34 Maximum Alert Level . | . . Low Security (%) 100 | 100 100 Level 1 . | . . Level 2 . | . . Level 3 . | . . Level 4 . | . . Level 5 . | . . High Security . | . . Max Security . | . . Squads Dispatched . | . . Investigation . | . . Extermination . | . . Reinforcement . | . . Assault . | . . Garrison . | . . Intercept . | . . Searches Triggered . | . . Construction Impeded . | . . Haulers Reinforced . | . . Active Scanning Responses . | . . Cargo Convoy Interrupts . | . . Stealth | -11 -10 --------- Run | Yrd Mat Distress Signals . | . . Communications Jammed . | . . Distress Signals . | . . Times Spotted 8 | 1 7 Peak Tracking Total 3 | 1 3 Tactical Retreats . | . . Traps | -11 -10 ------- Run | Yrd Mat Traps Triggered 4 | . 4 Indirectly . | . . Trap Hack Attempts . | . . Triggered . | . . Disarmed . | . . Reprogrammed . | . . Reused . | . . Traps Extracted . | . . Installed . | . . Triggered . | . . Machines | -11 -10 ---------- Run | Yrd Mat Machines Disabled . | . . Max in Single Turn . | . . Machines Repaired . | . . Machines Dismantled . | . . Machines Sabotaged . | . . Overloaded Fab Kills . | . . Hacking | -11 -10 --------- Run | Yrd Mat Machines Accessed . | . . Terminals . | . . Fabricators . | . . Repair Stations . | . . Recycling Units . | . . Scanalyzers . | . . Garrison Access . | . . Total Hacks . | . . Successful . | . . Failed . | . . Catastrophic . | . . Database Lockouts . | . . Manual . | . . Terminals . | . . Fabricators . | . . Repair Stations . | . . Recycling Units . | . . Scanalyzers . | . . Garrison Access . | . . Terminal Hacks . | . . Fabricator Hacks . | . . Repair Station Hacks . | . . Recycling Unit Hacks . | . . Scanalyzer . | . . Garrison Access Hacks . | . . Unauthorized Hacks . | . . Terminals . | . . Fabricators . | . . Repair Stations . | . . Recycling Units . | . . Scanalyzers . | . . Garrison Access . | . . Data Cores Recovered . | . . Used . | . . Hacking Detections . | . . Full Trace Events . | . . Feedback Events . | . . Feedback Blocked . | . . Robot Schematics Acquired . | . . Robots Built . | . . Authchips . | . . Time . | . . Total Robot Build Rating . | . . Part Schematics Acquired . | . . Parts Built . | . . Authchips . | . . Time . | . . Total Part Build Rating . | . . Parts Repaired . | . . Time . | . . Parts Recycled . | . . Recycled Matter . | . . Retrieved Matter . | . . Retrieved Components . | . . Parts Scanalyzed . | . . Part Schematics Acquired . | . . Parts Damaged . | . . Bothacking | -11 -10 ------------ Run | Yrd Mat Used RIF Installer . | . . Robots Hacked . | . . Non-combat . | . . Combat . | . . Robot Hacks Applied . | . . Relay Couplers Released . | . . Fabnet Peak Effective % . | . . Robots Rewired . | . . Allies Hacked . | . . Hacks Repelled . | . . Allies | -11 -10 -------- Run | Yrd Mat Total Allies . | . . Largest Group . | . . Highest-Rated Group . | . . Highest-Rated Ally . | . . Total Orders . | . . Ally Attacks . | . . Total Damage . | . . Kills . | . . Allies Corrupted . | . . Allies Melted . | . . Intel | -11 -10 ------- Run | Yrd Mat Robot Analysis Total . | . . Derelict Logs Recovered . | . . Drone Launches . | . . Drone Recoveries . | . . Exploration | -11 -10 ------------- Run | Yrd Mat Turns Passed 361 | 195 166 Spaces Moved 152 | 79 73 Core 22 | 22 . Treads . | . . Legs 130 | 57 73 Wheels . | . . Hover . | . . Flight . | . . Fastest Speed 50 | 50 120 Average Speed 109 | 100 120 Slowest Speed 120 | 120 120 Overloaded Moves . | . . Propulsion Burnouts . | . . Robots Hopped . | . . Cave-ins Triggered . | . . Exploration Rate (%) 16 | 6 26 Regions Visited 1 Branch Regions . Pre-discovered Areas . | . . Known Exits Taken . | . . Unknown Exits Taken 1 | 1 . Scrap Searched . | . . Spaces Dug . | . . Terrain Destroyed 4 | . 4 Melee . | . . Projectile . | . . AOE 4 | . 4 Terrain Rammed . | . . Walls Destroyed . | . . Machines Disabled . | . . Actions | -11 -10 --------- Run | Yrd Mat Total 314 | 190 124 Wait 115 | 100 15 Move 151 | 78 73 Hop . | . . Pick Up 8 | 5 3 Fast Attach . | . . Attach 6 | 5 1 Detach . | . . Swap . | . . Drop . | . . Fire 29 | 2 27 Melee . | . . Ram . | . . Kick 5 | . 5 Crush . | . . Escape Stasis . | . . Rewire . | . . Trap . | . . Miscellaneous . | . . Route ------- -11/Scrapyard -10/Materials (discovered 1 exit: [*Mat]) History --------- Turn | Location | Event 2 | -11/Scrapyard | Met Revision 17 139 | -11/Scrapyard | Discovered new exit (range 8) 196 | -11/Scrapyard | Entered Materials 312 | -10/Materials | Build established: Mutant 331 | -10/Materials | Discovered new exit (range 15) 339 | -10/Materials | Core integrity fell below 50% 357 | -10/Materials | Core integrity fell below 20% 362 | -10/Materials | Destroyed by G-34 Mercenary with Small Laser Last Messages --------------- 00337_ Aluminum Leg destroyed. 00338_ G-34 Mercenary knocked back. 00339_ R-06 Scavenger collects Aluminum Leg. 00340_ A-02 Transporter destroyed. [Achievement: Loot Pinata] 00342_ R-06 Scavenger collects Weight Redist. System. 00342_ Kicked G-34 Mercenary. 00343_ R-06 Scavenger collects Flight Unit. 00344_ Kicked G-34 Mercenary out of the way. 00345_ Acquired 37 matter. 00345_ Kicked G-34 Mercenary. 00346_ R-06 Scavenger collects Lgt. Treads. 00347_ Lgt. Cannon destroyed. 00347_ Kicked G-34 Mercenary out of the way. 00350_ R-06 Scavenger collects Flight Unit. 00353_ Aluminum Leg destroyed. 00353_ R-06 Scavenger collects Sml. Storage Unit. 00362_ R-06 Scavenger collects Flight Unit. Map ----- +----------------------------------------------------+ | ????????????????????????# #?????????????? | | ????????????????????????# #?????????????? | | ?????????????????????#### ! ! #?????????????? | | ??????????##########?# !! #?????????????? | | ??????????# ### ! ??????? | | ??????????# """"" +%* ??????? | | ??????????# """"" ###= ??????? | | ??????????# """"" #?# ##########+####???????? | | ??????????# #?#######?????????????????????? | | ??????????# """"" #?????????????????????????????? | | ??????????# """"" #?????????????????????????????? | | ??????????# """"" #?????????????????????????????? | | ??????????# #????????????????###??????????? | | ??????????####""""##???########### #?????????? | | ???# !##### %####### ??????????? | | ???# ??????????? | | ???# ??????????? | | ???# ##### ####### ####### ???????????? | | ???##???????######?????# !#?????????????????????? | | ??????????????# ?????#% %#?????####????????????? | | ??????????????# ????#% %#???? #????????????? | | ??????????????# ??#%%%#?? ! #????????????? | | ??????????????# ?#g %#? #????????????? | | ???????????????? # %# #????????????? | | ????????????????????"" + rg/! !! +????????????? | | ????????????????? """ # @=# !! #????????????? | | ????????????????? """ # *# #????????????? | | ?????????????????? ?# #?########????????????? | | ?????????????????#####?# #?????????????????????? | | ???????????????????????# #?????????????????????? | | ???????????????????????# #?????????????????????? | | ???????????????????????# +?????????????????????? | | ???????????????????????#^ ^#?????????????????????? | | ???????????????????????# < #?????????????????????? | | ???????????????????????# #?????????????????????? | | ???????????????????????#####?????????????????????? | | ?????????????????????????????????????????????????? | | ?????????????????????????????????????????????????? | | ?????????????????????????????????????????????????? | | ?????????????????????????????????????????????????? | | ?????????????????????????????????????????????????? | | ?????????????????????????????????????????????????? | | | | | | | | | | | | | | | | | +----------------------------------------------------+ Best States ------------- Heat Dissipation 25 Energy Generation 10 Energy Capacity 125 Matter Stores 300 Matter Capacity 300 Sight Range 16 Terrain Scan Density 10 Evasion (%) 55 Item Schematics ----------------- None Robot Schematics ------------------ None Fabricated ------------ Nothing Alien Tech Used ----------------- None Achievements -------------- Loot Pinata Challenges ------------ None Game ------ Seed TeslaRelayProtomatter Manual? 0 Play Time 00:07:51 Cumulative 1.1 hours Start 2024.05.09 @ 10:35:52 End 2024.05.09 @ 10:41:38 Sessions 1 Manual Loads 0 Difficulty Rogue Special Mode None Game No. 2 Rogue 2 Adventurer 0 Explorer 0 Win Type - Total 0 Types 0/0/0/0/0/0/0/0/0 Lore% 8 Gallery% 4 Achievement% 4 Wizard Run 0 Options --------- Layout 1 ASCII 0 Keyboard 0 Movement Mouse Keybinds 0 Fullscreen 1 Font 24/Smallcaps Map View 50x35 Zoom Use 0% Tactical HUD 1 Map Filters NONE Filters NONE Steam 1 RUN: 07ed191d-ace0-4e6b-9139-be058783a958